AoeStats
← Rms

Oasis

507863597Analyzed
4v4 RM · 12d ago on Sep 20, 2026· 51m 23s· 8 players
Game mode
Random Map
Map size
Large (8 player)
Population
200
Speed
Normal
Resources
Standard
Victory
Conquest
Starting age
Dark Age
Ending age
Imperial Age
RankedLock teamsTeams togetherTeam positionsShared explorationLock speedFull tech treeHidden civsTurbo modeCheats
Victory
Defeat
🇧🇷 Persians · Brazil
1043
+13
🇧🇷 Koreans · Brazil
1007
+15
🇧🇷 Sicilians · Brazil
911
+19
🇧🇷 Vietnamese · Brazil
785
+23
🇰🇷 Britons · South Korea
1000
-58
🇪🇸 Turks · Spain
966
-17
🇦🇺 Ethiopians · Australia
963
-17
🇹🇷 Cumans · Türkiye
962
-17
Cody From KFC
11:02 Feudal Age
12:23 Loom
15:10 Castle Age
14:01 Double-Bit Axe
14:47 Horse Collar
24:44 Wheelbarrow
23:51 Man-at-Arms
26:50 Fletching
27:00 Padded Archer Armor
28:29 Crossbowman
36:14 Imperial Age
33:48 Gold Mining
33:49 Stone Mining
33:57 Bodkin Arrow
34:12 Forging
34:33 Ballistics
36:29 Onager
36:30 Capped Ram
37:54 Fortified Wall
40:23 Chemistry
38:53 Arbalester
42:39 Torsion Engines
43:01 Conscription
43:05 Caravan
43:38 Siege Engineers
47:17 Bracer
48:35 Siege Onager
50:33 Thumb Ring
DisresPeek
8:37 Loom
10:52 Feudal Age
14:53 Castle Age
12:50 Double-Bit Axe
13:48 Horse Collar
14:47 Town Watch
21:19 Gold Mining
22:32 Stone Mining
25:03 Heavy Plow
25:15 Bow Saw
25:57 Wheelbarrow
XI JINPING
10:51 Feudal Age
11:48 Double-Bit Axe
16:35 Castle Age
14:53 Horse Collar
16:00 Fletching
16:15 Stone Mining
24:12 Wheelbarrow
24:00 Loom
26:48 Bodkin Arrow
28:09 Padded Archer Armor
29:11 Squires
29:43 Leather Archer Armor
30:03 Bow Saw
31:25 Forging
31:35 Pikeman
32:07 Arson
33:09 Ballistics
34:50 Iron Casting
37:01 Imperial Age
35:02 Scale Mail Armor
37:16 Chain Mail Armor
37:55 Bracer
39:05 Chemistry
40:44 Two-Man Saw
40:45 Hand Cart
45:49 Ring Archer Armor
48:30 Yeomen
FRQ
4:04 Loom
12:14 Feudal Age
16:10 Castle Age
14:31 Double-Bit Axe
15:00 Horse Collar
18:01 Bow Saw
23:45 Wheelbarrow
Zee
11:55 Feudal Age
15:43 Castle Age
15:18 Double-Bit Axe
15:16 Horse Collar
17:25 Wheelbarrow
17:23 Loom
17:24 Town Watch
19:42 Bow Saw
20:57 Heavy Plow
22:23 Gold Mining
26:51 Gold Shaft Mining
26:07 Stone Mining
26:59 Bloodlines
26:50 Husbandry
29:15 Stone Shaft Mining
29:55 Scale Barding Armor
30:02 Forging
32:29 Chain Barding Armor
32:46 Iron Casting
36:04 Imperial Age
34:42 Hand Cart
35:54 Light Cavalry
36:02 Cavalier
37:48 Plate Barding Armor
38:14 Blast Furnace
37:41 Conscription
37:23 Savar
43:05 Fletching
43:10 Hussar
47:19 Crop Rotation
48:02 Two-Man Saw
Rms
10:47 Feudal Age
9:05 Loom
19:44 Castle Age
19:06 Double-Bit Axe
20:34 Pikeman
33:30 Fletching
40:29 Eupseong
41:07 Bow Saw
42:48 Ballistics
42:24 Murder Holes
44:33 Caravan
49:01 Imperial Age
47:09 Wheelbarrow
46:20 Town Watch
48:28 Hand Cart
48:34 Hand Cart
49:38 Coinage
49:20 Eupseong
49:20 Treadmill Crane
50:43 Chemistry
50:09 Conscription
50:59 Two-Man Saw
49:54 Gold Mining
49:56 Stone Mining
Ramilho
10:19 Feudal Age
12:00 Horse Collar
12:17 Double-Bit Axe
16:27 Wheelbarrow
18:48 Wheelbarrow
21:03 Castle Age
19:47 Padded Archer Armor
19:38 Fletching
21:50 Elite Skirmisher
22:36 Thumb Ring
23:01 Bow Saw
24:20 Hand Cart
24:06 Loom
24:39 Leather Archer Armor
24:19 Bodkin Arrow
24:46 Crossbowman
27:08 Ballistics
27:15 Bodkin Arrow
28:11 Forging
27:59 Gold Mining
31:07 Fortified Wall
30:49 Heated Shot
30:39 Treadmill Crane
34:38 Imperial Age
34:48 Imperial Skirmisher
37:18 Bracer
37:49 Ring Archer Armor
41:28 Iron Casting
40:54 Scale Mail Armor
41:00 Scale Barding Armor
41:00 Caravan
45:18 Two-Man Saw
RHMM16
10:39 Feudal Age
10:59 Feudal Age
15:05 Castle Age
15:15 Horse Collar
15:54 Double-Bit Axe
16:54 Gold Mining
21:49 Arson
24:31 Squires
26:27 Stone Mining
29:30 Wheelbarrow
29:07 Scale Barding Armor
29:04 Scale Mail Armor
32:21 Imperial Age
29:55 Gambesons
31:35 Stone Shaft Mining
31:41 Heavy Plow
33:44 Conscription
39:54 Elite Serjeant
40:51 Forging
41:20 Gold Shaft Mining
45:03 Hand Cart
44:42 Town Watch
47:20 Chain Mail Armor
47:41 Iron Casting
Connection lost

Rejoining the realm…

Still unreachable

The connection could not be restored.

Session expired

The server has moved on; the page needs a fresh start.